 Dungeon Crawl Stone Soup version 0.16.2-12-gd0ad4c3 (webtiles) character file.

1417 dvd the Archer (level 8, -1/55 (63) HPs)
             Began as a Centaur Hunter on Oct 22, 2015.
             Slain by a hippogriff (5 damage)
             ... on level 7 of the Dungeon.
             The game lasted 00:39:22 (8321 turns).

dvd the Archer (Centaur Hunter)                     Turns: 8321, Time: 00:39:22

HP:   -1/55 (63)    AC:  6    Str: 14    XL:     8   Next: 43%
MP:   15/15         EV: 11    Int: 10    God:
Gold: 376           SH:  0    Dex: 13    Spells: 0 memorised, 7 levels left

rFire  . . .     SeeInvis .     a - +3 hand axe (freeze)
rCold  . . .     Clarity  .     q - +0 robe
rNeg   . . .     SustAb   +     (no shield)
rPois  .         Gourm    .     (no helmet)
rElec  .         Spirit   .     (no cloak)
rCorr  .         Warding  .     u - +1 pair of gloves
rMut   .         Stasis   .     (no barding)
MR     .....                    L - amulet of rage
Stlth  +.........               C - ring of magical power
                                k - ring of sustain abilities

@: very quick, not resistant to hostile enchantments, very unstealthy
A: hooves 3, deformed body, speed 2, tough skin 3
a: Evoke Berserk Rage


You were on level 7 of the Dungeon.
You were not hungry.

You visited 2 branches of the dungeon, and saw 8 of its levels.

You collected 376 gold pieces.

Inventory:

Hand weapons
 a - a +3 hand axe of freezing (weapon)
 b - a +1 shortbow
 c - a +0 hunting sling of freezing
 t - a +0 shortbow
 G - a +2 rapier of speed
 J - a +0 war axe
Missiles
 d - 29 sling bullets
 i - 86 arrows
 j - 155 stones
 F - a throwing net
 I - 4 tomahawks (quivered)
Armour
 q - a +0 robe (worn)
 u - a +1 pair of gloves (worn)
Jewellery
 k - a ring of sustain abilities (left hand)
 m - an uncursed amulet of warding
 C - a ring of magical power (right hand)
 L - an amulet of rage (around neck)
Magical devices
 B - a wand of magic darts (26)
 M - a wand of draining (4)
Scrolls
 e - a scroll of remove curse
 g - 9 scrolls of identify
 h - a scroll of recharging
 n - 2 scrolls of teleportation
 w - 3 scrolls of fog
 H - 2 scrolls of fear
Potions
 l - 2 potions of resistance
 o - a potion of cancellation
 s - 3 potions of curing
 x - 2 potions of restore abilities
 z - a potion of invisibility
Books
 v - a book of Hinderance

   Spells                             Type                      Level
   a - Confusing Touch                Hexes                        2
   b - Confuse                        Hexes                        3
   c - Petrify                        Transmutation/Earth          4
   d - Metabolic Englaciation         Hexes/Ice                    5
   e - Gell's Gravitas                Hexes/Translocation          5
   f - Summon Mana Viper              Hexes/Summoning              5
 y - a book of the Sky

   Spells                             Type                      Level
   a - Flight                         Charms/Air                   3
   b - Airstrike                      Air                          4
   c - Silence                        Hexes/Air                    5
   d - Deflect Missiles               Charms/Air                   6
   e - Conjure Ball Lightning         Conjuration/Air              6
   f - Tornado                        Air                          9
Comestibles
 f - 4 bread rations
 p - 2 chunks of flesh
 r - a beef jerky
 D - 5 meat rations
 N - 3 fruits


   Skills:
 + Level 3.3 Fighting
 + Level 2.0 Axes
 + Level 2.0(2.3) Slings
 + Level 11.4 Bows
 + Level 2.0(2.5) Throwing
 + Level 1.4 Armour
 + Level 3.3 Dodging
 - Level 1.0 Stealth


You had 7 spell levels left.
You didn't know any spells.

Dungeon Overview and Level Annotations

Branches:
Dungeon (7/15)             Temple (1/1) D:5

Altars:
Cheibriados
Elyvilon
Fedhas
Gozag
Kikubaaqudgha
Makhleb
Qazlal
Ru
Sif Muna
Xom
Zin


Innate Abilities, Weirdness & Mutations

You have hooves in place of feet.
Armour fits poorly on your strangely shaped body.
You cover ground very quickly.
You have extremely tough skin (AC +3).


Message History

You hit the hippogriff. You freeze the hippogriff.
Your kick misses the hippogriff.
The hippogriff is severely wounded.
The hippogriff barely misses you.
The hippogriff pecks you but does no damage.
The hippogriff claws you.
You hit the hippogriff. You freeze the hippogriff.
The hippogriff is almost dead.
The hippogriff barely misses you. The hippogriff pecks you.
The hippogriff closely misses you.
You completely miss the hippogriff.
The hippogriff is almost dead.
The hippogriff bites you! The hippogriff pecks you.
* * * LOW HITPOINT WARNING * * *
The hippogriff claws you!
* * * LOW HITPOINT WARNING * * *
The hippogriff bites you.
* * * LOW HITPOINT WARNING * * *
The hippogriff pecks you.
You die...

#.. #... +.... #...
#...##..# #... .
#...##..# #... ...
+...##..# #... ....
#...+...# #... #....
#...##..# #...
#.....#...##..# #...
+.....H@..##..#######...
#.....#.............#...
#...( #.............'...
#((( ###############...
### ####


You could see a hippogriff.

Vanquished Creatures
  4 ogres
  A necrophage (D:6)
  An ice beast (D:6)
  2 centaurs
  A scorpion (D:6)
  A giant frog zombie (D:6)
  The ghost of Charly the Chopper, a weakling VSBe of Trog (D:4)
  2 crimson imps (D:5)
  2 orc wizards
  A hound (D:6)
  3 orc priests (D:4)
  4 worker ants
  An iguana (D:6)
  10 adders
  4 gnolls (D:4)
  3 shadow imps
  A worm (D:3)
  An adder zombie (D:5)
  3 giant geckos
  2 oozes
  10 orcs
  A bat skeleton (D:5)
  4 giant cockroaches
  7 goblins
  14 hobgoblins
  10 jackals
  11 kobolds
  2 quokkas
  3 ball pythons (D:3)
  8 bats
  A giant gecko skeleton (D:6)
  3 giant newts
  3 quokka skeletons
  12 rats
  A ballistomycete (D:6)
138 creatures vanquished.

Vanquished Creatures (others)
  A giant spore (D:6)
1 creature vanquished.

Grand Total: 139 creatures vanquished

Notes
Turn   | Place    | Note
--------------------------------------------------------------
     0 | D:1      | dvd, the Centaur Hunter, began the quest for the Orb.
     0 | D:1      | Reached XP level 1. HP: 17/17 MP: 1/1
   243 | D:1      | Reached XP level 2. HP: 22/24 MP: 2/2
   323 | D:1      | Reached skill level 6 in Bows
   743 | D:2      | Reached XP level 3. HP: 29/29 MP: 3/3
  1423 | D:2      | Reached skill level 7 in Bows
  1423 | D:2      | Reached XP level 4. HP: 36/36 MP: 3/3
  1462 | D:2      | Found a burning altar of Makhleb.
  2106 | D:3      | Reached XP level 5. HP: 17/41 MP: 4/4
  2197 | D:3      | Reached skill level 1 in Armour
  3256 | D:4      | Found a snail-covered altar of Cheibriados.
  3265 | D:4      | Noticed an angel
  3296 | D:4      | Reached skill level 1 in Axes
  3330 | D:4      | Found a shimmering altar of Xom.
  3336 | D:4      | Found a glowing silver altar of Zin.
  3361 | D:4      | Found an opulent altar of Gozag.
  4001 | D:4      | Noticed Charly's ghost (weakling VSBe)
  4031 | D:4      | Killed Charly's ghost
  4031 | D:4      | Reached skill level 8 in Bows
  4031 | D:4      | Reached XP level 6. HP: 50/50 MP: 5/5
  4088 | D:4      | Reached skill level 1 in Slings
  4382 | D:5      | Entered Level 5 of the Dungeon
  4466 | D:5      | Reached skill level 9 in Bows
  4491 | D:5      | Found a staircase to the Ecumenical Temple.
  4504 | Temple   | Entered the Ecumenical Temple
  4729 | D:5      | Found a stormy altar of Qazlal.
  4892 | D:5      | Reached XP level 7. HP: 53/56 MP: 5/5
  5729 | D:5      | Reached skill level 1 in Stealth
  5834 | D:6      | Reached skill level 10 in Bows
  6042 | D:6      | Reached skill level 1 in Throwing
  6912 | D:6      | Reached XP level 8. HP: 42/61 MP: 6/6
  7306 | D:5      | Gained mutation: Your magical capacity is low (-10% MP). [potion of mutation]
  7306 | D:5      | Lost mutation: Your magical capacity is low (-10% MP). [potion of mutation]
  7573 | D:6      | Reached skill level 11 in Bows
  8321 | D:7      | Slain by a hippogriff

Action                   |  1- 3 |  4- 6 |  7- 9 || total
-------------------------+-------+-------+-------++-------
Melee: Short sword       |     9 |       |       ||     9
       Hand axe          |    10 |    74 |    91 ||   175
 Fire: Shortbow          |    73 |   120 |   104 ||   297
       Hunting sling     |       |    12 |    22 ||    34
Throw: Stone             |       |     2 |       ||     2
       Tomahawk          |       |     2 |     9 ||    11
  Use: Scroll            |       |    11 |     1 ||    12
       Potion            |       |       |     8 ||     8
  Eat: Chunk             |       |     9 |     6 ||    15
       Pizza             |       |       |     1 ||     1
       Royal jelly       |       |       |     1 ||     1
